 Dungeon Crawl Stone Soup version 0.29-a0-676-ga64570c9d2 (webtiles) character file.

Game seed: 3930666050311479673

441 buhhh the Quickloader (level 7, -6/31 (40) HPs)
             Began as a Kobold Hunter on June 24, 2022.
             Mangled by Ijyb
             ... wielding the +4 mace of the Pillar {drain, rC+ Dex+3}
              (8 damage)
             ... on level 3 of the Dungeon.
             The game lasted 00:12:55 (4138 turns).

buhhh the Quickloader (Kobold Hunter)               Turns: 4138, Time: 00:12:55

HP:   -6/31 (40)    AC:  6    Str:  9    XL:     7   Next: 22%
MP:   7/7           EV: 14    Int: 12    God:
Gold: 112           SH:  0    Dex: 18    Spells: 6/6 levels left

rFire   . . .      SeeInvis .   a - +1 hand crossbow
rCold   . . .      Faith    .   (no shield)
rNeg    . . .      Spirit   .   b - +0 leather armour
rPois   .          Reflect  .   j - +2 hat
rElec   .          Harm     .   (no cloak)
rCorr   .          Rampage  .   i - +0 pair of gloves
Will    .....                   (no boots)
Stlth   +++.......              (no amulet)
HPRegen 0.10/turn               (no ring)
MPRegen 0.10/turn               (no ring)

@: about to teleport, hasted, heavily drained, very quick
A: small, no large weapons, nightstalker 3
a: no special abilities


You were on level 3 of the Dungeon.
You visited 1 branch of the dungeon, and saw 4 of its levels.

You collected 112 gold pieces.

Inventory:

Hand Weapons
 a - a +1 hand crossbow (weapon)
Armour
 b - a +0 leather armour (worn)
 i - a +0 pair of gloves (worn)
 j - a +2 hat (worn)
Scrolls
 c - a scroll of immolation {!d}
 g - 2 scrolls of identify {!d}
 l - a scroll of torment {unknown}
 Z - 2 scrolls of enchant armour
Potions
 d - a potion of degeneration {unknown}
 h - a potion of attraction {unknown}


   Skills:
 - Level 2.3 Fighting
 * Level 10.6 Crossbows
 - Level 2.4 Dodging
 - Level 1.3 Stealth


You had 6 spell levels left.
You didn't know any spells.
Your spell library contained the following spells:

 Spells                   Type           Power      Damage    Failure   Level
 Magic Dart               Conj           0%         1d3       43%         1


Dungeon Overview and Level Annotations

Branches:
Dungeon (4/15) Zot: 19800
 Temple: D:4-7

Altars:
Kikubaaqudgha
Sif Muna
Vehumet

Annotations:
D:2 Robin
D:3 Ijyb
D:4 3 runed translucent doors, Duvessa; moldycheese5's ghost, novice DECj


Innate Abilities, Weirdness & Mutations

You are small and have problems with some larger weapons.
You are completely attuned to the shadows.


Message History

You shoot a bolt. The bolt completely misses Ijyb.
The bolt hits the dart slug.
The dart slug is moderately wounded.
Ijyb hits you with the +4 mace of the Pillar {drain, rC+ Dex+3}.
You feel drained.
You shoot a bolt. The bolt hits Ijyb.
Ijyb is moderately wounded.
Ijyb barely misses you.
You shoot a bolt. The bolt hits Ijyb.
Ijyb is moderately wounded.
Ijyb hits you with the +4 mace of the Pillar {drain, rC+ Dex+3}!
You feel drained.
Ijyb hits you with the +4 mace of the Pillar {drain, rC+ Dex+3}!
You feel drained.
A goblin comes into view. It is wielding a +0 club.
You are too injured to fight recklessly!
Aiming: Paralyse
Press: ? - help, Shift-Dir - straight line, f/p - Ijyb
Aim: Ijyb, wielding the +4 mace of the Pillar {drain, rC+ Dex+3}, wearing a +0 chain mail and carrying a wand of iceblast (6) (moderately wounded, chance to affect: 57%) Ijyb resists with significant effort.
The now-empty wand crumbles to dust.
Ijyb hits you but does no damage.
You feel drained.
Warning: an enemy near you is armed with a wand! (Y or N to confirm.) [Y]es or [N]o only, please.
Warning: an enemy near you is armed with a wand! (Y or N to confirm.) [Y]es or [N]o only, please.
Warning: an enemy near you is armed with a wand! (Y or N to confirm.) Neutralize or avoid the wand carrier ASAP!
As you read the scroll labelled CUFISU GEJU, it crumbles to dust.
It is a scroll of identify.
g - 2 scrolls of enchant armour;
Z - 2 scrolls of enchant armour
g - 2 scrolls of identify Ijyb completely misses you.
As you read the scroll labelled TIAPHY SIUX, it crumbles to dust.
You feel strangely unstable.
It was a scroll of teleportation.
Ijyb hits you with the +4 mace of the Pillar {drain, rC+ Dex+3}!
* * * LOW HITPOINT WARNING * * *
You feel drained.
* * * LOW HITPOINT WARNING * * *
It was a potion of haste.
You feel yourself speed up.
Ijyb hits you with the +4 mace of the Pillar {drain, rC+ Dex+3}!
You die...

#.........#
#.##....#..######
.................
.................
#.###......)#####
..###......(.# # ..)...
....'<.....#.## #
..)..#######......#..###
..[.gwg@.......#........
.....###########........
.....)<.# #........
#....#### #........
.....# #........ .....#
#........ .†####
#........ #........
#######..


You could see Ijyb, a dart slug and a goblin.

Vanquished Creatures
  A water moccasin zombie (D:4)
  8 orc wizards (D:3)
  2 hound zombies (D:4)
  2 hound skeletons (D:4)
  4 adders
  An adder zombie (D:4)
  A dart slug (D:2)
  12 orcs
  5 bats
  3 endoplasms (D:1)
  A giant cockroach (D:1)
  7 goblins
  7 hobgoblins
  4 jackals (D:1)
  9 kobolds
  7 quokkas
  6 ball pythons
  A frilled lizard (D:1)
  8 rats
89 creatures vanquished.

Vanquished Creatures (others)
  A hobgoblin (D:3)
  3 fungi (D:4)
  41 plants
  3 withered plants (D:4)
48 creatures vanquished.

Grand Total: 137 creatures vanquished

Notes
Turn   | Place    | Note
-------+----------+-------------------------------------------
     0 | D:1      | buhhh the Kobold Hunter began the quest for the Orb.
     0 | D:1      | Reached XP level 1. HP: 12/12 MP: 1/1
    69 | D:1      | Reached XP level 2. HP: 17/17 MP: 2/2
   135 | D:1      | Reached skill level 6 in Crossbows
   185 | D:1      | Reached XP level 3. HP: 22/22 MP: 3/3
   567 | D:2      | Noticed Robin
  1200 | D:2      | Reached skill level 7 in Crossbows
  1200 | D:2      | Reached XP level 4. HP: 27/27 MP: 4/4
  1561 | D:2      | Identified the +1 leather armour of Ru's Hatred {rC+ Int+3}
  1957 | D:3      | Reached XP level 5. HP: 26/31 MP: 5/5
  2083 | D:2      | Drazool: !subscribe
  2092 | D:2      | beem: User Drazool is already subscribed
  2092 | D:2      | Drazool: that's what I got last time
  2092 | D:2      | Drazool: !unsubscribe
  2092 | D:2      | beem: Unsubscribed. I will no longer watch games of user
                  | Drazool.
  2092 | D:2      | Drazool: !subscribe
  2092 | D:2      | beem: Subscribed. I will now watch all games of user
                  | Drazool.
  2092 | D:2      | Drazool: lies, beem!
  2092 | D:2      | buhhh: hmmm
  2092 | D:2      | Drazool: I'll try my game again
  2092 | D:2      | buhhh: ok
  2092 | D:2      | buhhh: !help
  2092 | D:2      | beem: I'm a chat bot that sends commands to the DCSS IRC
                  | knowledge bots. Type !subscribe and I'll watch all your
                  | games; type !unsubscribe to make me go away. Use
                  | !sequellhelp for the original Sequell help command. Bots
                  | with a different name that act similarly are either for ban
                  | evasion or falsely advertising spam and are not the current
                  | beem bot.
  2092 | D:2      | buhhh: !subscribe Drazool
  2092 | D:2      | beem: Error: unrecognized arguments: Drazool
                  | usage: !subscribe [-h]
  2092 | D:2      | buhhh: !subscribe -h
  2092 | D:2      | beem: usage: !subscribe [-h]
                  | optional arguments:
                  | -h, --help show this help message and exit
  2179 | D:3      | Reached skill level 8 in Crossbows
  2603 | D:3      | Identified the +4 mace of the Pillar {drain, rC+ Dex+3}
  2603 | D:3      | Noticed Ijyb
  2937 | D:4      | Reached XP level 6. HP: 21/36 MP: 6/6
  2942 | D:4      | Reached skill level 9 in Crossbows
  3229 | D:4      | Found a runed translucent gate.
  3229 | D:4      | Found a runed translucent gate.
  3230 | D:4      | Found a runed translucent gate.
  3231 | D:4      | Noticed moldycheese5's ghost (novice DECj)
  3519 | D:4      | Noticed Duvessa
  3678 | D:3      | Reached skill level 10 in Crossbows
  3890 | D:3      | Reached XP level 7. HP: 40/40 MP: 7/7
  3963 | D:3      | Found an ancient bone altar of Kikubaaqudgha.
  3968 | D:3      | Found a shimmering blue altar of Sif Muna.
  3976 | D:3      | Found a radiant altar of Vehumet.
  3981 | D:3      | Got Vehumet's Volume of Battle Magic
  4138 | D:3      | Mangled by Ijyb

Illustrated notes

Levels and vault maps discovered:
D:1:      lightli_arrival_lavapool, layout_basic
D:2:      layout_basic, uniq_robin
D:3:      layout_basic, palyth_temple_overflow_mages, serial_bayou_lagoon_a,
          uniq_ijyb
D:4:      layout_basic, lemuel_tele_altar, serial_undead, serial_undead_d,
          serial_undead_d, serial_undead_d, serial_undead_b,
          gammafunk_ghost_nasty_kobolds, uniq_duvessa

Skill      XL: |  1  2  3  4  5  6 |
---------------+-------------------+-----
Crossbows      | 6 7 8 10 | 10.6
Fighting       | |  2.3
Dodging        | |  2.4
Stealth        | |  1.3

Action                   |  1- 3 |  4- 6 |  7- 9 || total
-------------------------+-------+-------+-------++-------
 Fire: Hand crossbow     |    86 |   180 |    28 ||   294
Evoke: Wand              |       |       |     1 ||     1
  Use: Scroll            |     1 |     1 |     2 ||     4
       Potion            |       |     2 |     1 ||     3
Armor: Leather armour    |     6 |    31 |     5 ||    42
Dodge: Dodged            |    39 |    77 |    10 ||   126

Table legend: (Time is in decaauts)
 A = Elapsed time spent in this place.
 B = Non-inter-level travel time spent in this place.
 C = Inter-level travel time spent in this place.
 D = Time resting spent in this place.
 E = Time spent auto-exploring this place.
 F = Levels seen in this place.
 G = Mean time per level.
                   A        B        C        D        E       F      G
               +--------+--------+--------+--------+--------+-----+--------+
         Total |   4198 |   3896 |    302 |   1089 |   2077 |   4 | 1049.5 |
       Dungeon |   4198 |   3896 |    302 |   1089 |   2077 |   4 | 1049.5 |
               +--------+--------+--------+--------+--------+-----+--------+

Top non-repeatable levels by time:
     D:2: 1515 daAuts
     D:3: 1175 daAuts
     D:1: 823 daAuts
     D:4: 683 daAuts
